 Dungeon Crawl Stone Soup version 0.26-a0-665-gefeb406119 (webtiles) character file.

Game seed: 7189847563672566882

7302 lunkers the Covert (level 11, -2/69 HPs)
             Began as a Kobold Berserker on Oct 13, 2020.
             Was an Elder of Trog.
             Slain by a boulder beetle (7 damage)
             ... on level 11 of the Dungeon.
             The game lasted 00:21:25 (12960 turns).

lunkers the Covert (Kobold Berserker)              Turns: 12960, Time: 00:21:26

Health: -2/69      AC: 22    Str: 19    XL:     11   Next: 34%
Magic:  11/11      EV: 10    Int:  9    God:    Trog [****..]
Gold:   749        SH:  6    Dex: 16    Spells: 10/10 levels left

rFire    . . .     SeeInvis .   a - +1 dagger (freeze)
rCold    + . .     Faith    .   m - +0 buckler
rNeg     + . .     Spirit   .   w - +5 plate armour of the Sturgeon {rC+ rN+ Str+3}
rPois    .         Reflect  .   (no helmet)
rElec    .         Harm     .   k - +0 cloak
rCorr    .         Rampage  .   C - +0 pair of gloves
MR       .....                  u - +1 pair of boots
Stlth    +.........             (no amulet)
HPRegen  0.21/turn              (no ring)
MPRegen  0.12/turn              (no ring)

@: about to teleport, berserk cooldown, slowed, very slow
A: small, nightstalker 3
a: Berserk, Trog's Hand, Brothers in Arms, Renounce Religion


You were on level 11 of the Dungeon.
You worshipped Trog.
Trog was greatly pleased with you.
You visited 1 branch of the dungeon, and saw 11 of its levels.

You collected 749 gold pieces.

Inventory:

Hand Weapons
 a - a +1 dagger of freezing (weapon)
 q - a +0 short sword
 y - a +0 dagger of distortion
Missiles
 e - 8 poisoned darts (quivered)
 z - 2 curare-tipped darts {=f}
Armour
 k - a +0 cloak (worn)
 m - a +0 buckler (worn)
 u - a +1 pair of boots (worn)
 w - the +5 plate armour of the Sturgeon (worn) {rC+ rN+ Str+3}
   (You found it on level 5 of the Dungeon)

   It affects your strength (+3).
   It protects you from cold.
   It protects you from negative energy.
 C - a +0 pair of gloves (worn)
Wands
 f - a wand of polymorph (12)
 v - a wand of iceblast (15)
 A - a wand of flame (19)
 B - a wand of enslavement (8)
 I - a wand of paralysis (6)
Scrolls
 c - 4 scrolls of remove curse
 j - 3 scrolls of blinking
 l - 5 scrolls of identify
 r - 8 scrolls of enchant armour
 t - 2 scrolls of amnesia
 E - 3 scrolls of fog
 H - a scroll of fear {unknown}
Potions
 b - 6 potions of curing
 d - 3 potions of heal wounds
 g - 2 potions of cancellation
 i - 2 potions of flight
 n - a potion of berserk rage
 o - 2 potions of mutation
 p - 2 potions of resistance
 s - 2 potions of lignification
 x - 2 potions of haste
 D - 2 potions of might
 F - 2 potions of magic
 G - a potion of stabbing {unknown}


   Skills:
 + Level 8.9 Fighting
 - Level 10.0 Short Blades
 + Level 5.8 Armour
 - Level 4.6 Dodging
 + Level 10.4 Stealth
 - Level 5.6 Shields
 * Level 5.1 Evocations


You had 10 spell levels left.
You didn't know any spells.
Your spell library was empty.

Dungeon Overview and Level Annotations

Branches:
Dungeon (11/15)            Temple (0/1) D:4             Orc (0/2) D:10
   Lair: D:8-11

Altars:
Ashenzari
Dithmenos
Elyvilon
Fedhas
Gozag
Makhleb
Nemelex Xobeh
Okawaru
Qazlal
Ru
Sif Muna
Vehumet
Wu Jian
Zin
The Shining One

Portals:
Abyss: D:9

Annotations:
D:5 Blork the orc
D:9 2 transporters, nago's ghost, journeyman DrBr


Innate Abilities, Weirdness & Mutations

You are small and have problems with some larger weapons.
You are completely attuned to the shadows.


Message History

You feel yourself slow down. Something hits you but does no damage.
You closely miss something. Something hits you but does no damage.
Something hits you.
* * * LOW HITPOINT WARNING * * *
As you read the scroll of teleportation, it crumbles to dust.
You feel strangely unstable. Something hits you but does no damage.
Unknown command.
Unknown command.
You block something's attack.
Your surroundings suddenly seem different.
A boulder beetle comes into view.
Unknown command.
The boulder beetle bites you.
* * * LOW HITPOINT WARNING * * *
The boulder beetle bites you!
* * * LOW HITPOINT WARNING * * *
Unknown command.
As you read the scroll of teleportation, it crumbles to dust.
You feel strangely unstable. The boulder beetle bites you!
You die...

#####
##...##
#B.....
#.@....
#......
#......
#######


You could see a boulder beetle.

Vanquished Creatures
  A two-headed ogre (D:10)
  An ugly thing (D:9)
  2 trolls
  A vampire (D:11)
  3 yaks (D:10)
  A wraith (D:11)
  A wyvern (D:11)
  2 wargs (D:10)
  An acid dragon (D:11)
  2 black bears
  3 ice beasts
  3 orc warriors
  8 ogres
  2 big kobolds
  2 bullfrogs
  A wyvern skeleton (D:8)
  3 scorpions
  12 killer bees
  8 wights
  2 howler monkeys
  A bullfrog zombie (D:8)
  6 orc priests
  11 orc wizards
  A jelly (D:9)
  3 bullfrog skeletons
  4 centaur skeletons
  4 hounds
  4 iguanas
  8 worker ants
  A hound skeleton (D:4)
  7 adders
  A white imp (D:8)
  3 ufetubi
  2 adder zombies
  6 leopard geckos
  43 orcs
  4 giant cockroaches
  9 goblins
  9 hobgoblins
  4 jackals
  17 kobolds
  4 quokkas
  5 bats
  3 frilled lizards
  A leopard gecko skeleton (D:8)
  5 rats
225 creatures vanquished.

Vanquished Creatures (collateral kills)
  An orc (D:11)
1 creature vanquished.

Vanquished Creatures (others)
  2 plants (D:3)
2 creatures vanquished.

Grand Total: 228 creatures vanquished

Notes
Turn   | Place    | Note
-------+----------+-------------------------------------------
     0 | D:1      | lunkers the Kobold Berserker began the quest for the Orb.
     0 | D:1      | Reached XP level 1. HP: 14/14 MP: 1/1
   271 | D:1      | Reached XP level 2. HP: 19/19 MP: 2/2
   296 | D:1      | Reached skill level 1 in Stealth
   518 | D:1      | Reached XP level 3. HP: 23/23 MP: 3/3
   986 | D:2      | Found a burning altar of Makhleb.
  1031 | D:2      | Found a stormy altar of Qazlal.
  1031 | D:2      | Found a sacrificial altar of Ru.
  1575 | D:2      | Found an ornate altar of the Wu Jian Council.
  1993 | D:3      | Reached ** piety under Trog
  1995 | D:3      | Reached skill level 5 in Short Blades
  1995 | D:3      | Reached XP level 4. HP: 24/29 MP: 4/4
  2018 | D:3      | Reached XP level 5. HP: 19/33 MP: 5/5
  2341 | D:3      | Reached skill level 1 in Shields
  2583 | D:3      | Found a shadowy altar of Dithmenos.
  2584 | D:3      | Found a blossoming altar of Fedhas.
  3049 | D:4      | Noticed an ogre
  3055 | D:4      | Killed an ogre
  3055 | D:4      | Reached XP level 6. HP: 32/38 MP: 6/6
  3285 | D:4      | Reached *** piety under Trog
  3317 | D:4      | Noticed an ogre
  3326 | D:4      | Killed an ogre
  3379 | D:4      | Reached XP level 7. HP: 44/44 MP: 7/7
  3799 | D:4      | Found a staircase to the Ecumenical Temple.
  4286 | D:5      | Entered Level 5 of the Dungeon
  4320 | D:5      | Reached XP level 8. HP: 32/48 MP: 8/8
  4471 | D:5      | Reached skill level 5 in Fighting
  4481 | D:5      | Got a transparent plate armour
  4493 | D:5      | Identified the +5 plate armour of the Sturgeon {rC+ rN+
                  | Str+3} (You found it on level 5 of the Dungeon)
  4698 | D:5      | Noticed Blork the orc
  4704 | D:5      | Found a shimmering blue altar of Sif Muna.
  4841 | D:5      | Found an iron altar of Okawaru.
  5491 | D:6      | Reached skill level 5 in Stealth
  6685 | D:7      | Reached XP level 9. HP: 49/55 MP: 9/9
  7240 | D:7      | Found a glowing silver altar of Zin.
  7240 | D:7      | Found a glowing golden altar of the Shining One.
  7240 | D:7      | Found a white marble altar of Elyvilon.
  8158 | D:8      | Found a broken altar of Ashenzari.
  8403 | D:8      | Found an opulent altar of Gozag.
  8403 | D:8      | Found a sparkling altar of Nemelex Xobeh.
  8581 | D:8      | Found a radiant altar of Vehumet.
  8719 | D:8      | Reached skill level 10 in Short Blades
  9358 | D:9      | Reached **** piety under Trog
  9432 | D:9      | Noticed a cyan ugly thing
  9446 | D:9      | Killed a cyan ugly thing
  9446 | D:9      | Reached XP level 10. HP: 16/61 MP: 10/10
  9971 | D:9      | Noticed a toenail golem
  9979 | D:9      | Noticed a toenail golem
 10084 | D:9      | Found a one-way gate to the infinite horrors of the Abyss.
 10084 | D:9      | Noticed nago's ghost (journeyman DrBr)
 10084 | D:9      | Noticed a purple ugly thing
 10084 | D:9      | Identified the +3 hand axe of Okawaru {distort, rElec rC+
                  | Int-4}
 10084 | D:9      | Noticed a skeletal warrior
 10084 | D:9      | Noticed a toenail golem
 10088 | D:9      | Found a transporter.
 10376 | D:9      | Found a transporter.
 10759 | D:10     | Entered Level 10 of the Dungeon
 11153 | D:10     | Reached skill level 5 in Shields
 11442 | D:10     | Found a staircase to the Orcish Mines.
 11666 | D:10     | Reached skill level 5 in Armour
 12171 | D:10     | Reached skill level 1 in Evocations
 12242 | D:10     | Noticed a two-headed ogre
 12251 | D:10     | Killed a two-headed ogre
 12251 | D:10     | Reached XP level 11. HP: 69/69 MP: 11/11
 12436 | D:10     | Reached skill level 10 in Stealth
 12864 | D:11     | Reached skill level 5 in Evocations
 12959 | D:11     | Noticed a boulder beetle
 12960 | D:11     | Slain by a boulder beetle

Illustrated notes

Levels and vault maps discovered:
D:1:      psy_arrival_conway, layout_basic, hex_intersection,
          minmay_small_reverse_x
D:2:      layout_loops_corners, lemuel_round_altar, lemuel_doored_altar,
          chequers_temple_overflow_statue_of_worship, roderic_malta_cross,
          nrook_mini_backslash
D:3:      layout_loops_ring, gammafunk_temple_overflow_statue, corexii_shack,
          minmay_fractal_squares_5
D:4:      layout_loops_ring, minmay_temple_entry_trees
D:5:      layout_cave_pools, lemuel_round_altar, nrook_uturn, tgw_sif
D:6:      layout_basic, solitary_fountain, kennysheep_crisscross
D:7:      layout_basic, good_gods_mini_temple
D:8:      layout_gridville, grunt_temple_overflow_opulence,
          ashenzari_conservatory_becter, vehumet_altar_wand_db
D:9:      layout_basic, gammafunk_ghost_abyssal_escape
D:10:     layout_long_grid, david_orc_1_choice
D:11:     layout_gridville, lair_entry_dummy

Skill      XL: |  1  2  3  4  5  6  7  8  9 10 11 |
---------------+----------------------------------+-----
Stealth        | 1 2 3 4 5 7 9 10 | 10.4
Short Blades   | 5 6 7 9 10 | 10.0
Dodging        | 3 4 |  4.6
Shields        | 1 2 3 4 5 |  5.6
Fighting       | 4 5 6 8 |  8.9
Armour         | 2 3 5 |  5.8
Evocations     | 3 5 |  5.1

Action                   |  1- 3 |  4- 6 |  7- 9 | 10-12 || total
-------------------------+-------+-------+-------+-------++-------
Melee: Short sword       |    73 |    48 |       |       ||   121
       Dagger            |       |    72 |   685 |   667 ||  1424
       Unarmed           |       |       |     6 |       ||     6
Throw: Dart              |    46 |    40 |    58 |    30 ||   174
Invok: Berserk           |     1 |     3 |     6 |    11 ||    21
       Trog's Hand       |       |       |     2 |     2 ||     4
Evoke: Wand              |       |       |       |     4 ||     4
  Use: Scroll            |     3 |       |    18 |     5 ||    26
       Potion            |       |       |       |     2 ||     2
 Stab: Sleeping          |       |     2 |       |       ||     2
       Distracted        |       |       |       |     1 ||     1
       Paralysed         |       |       |       |     1 ||     1
Armor: Ring mail         |    15 |    23 |    20 |       ||    58
       Plate armour      |       |       |   179 |   256 ||   435
Dodge: Dodged            |    28 |    54 |   181 |   182 ||   445
Block: Buckler           |     3 |    19 |    83 |   123 ||   228

Table legend: (Time is in decaauts)
 A = Elapsed time spent in this place.
 B = Non-inter-level travel time spent in this place.
 C = Inter-level travel time spent in this place.
 D = Time resting spent in this place.
 E = Time spent auto-exploring this place.
 F = Levels seen in this place.
 G = Mean time per level.
                   A        B        C        D        E       F      G
               +--------+--------+--------+--------+--------+-----+--------+
         Total |  12494 |  12123 |    371 |    283 |   9992 |  11 | 1135.8 |
       Dungeon |  12494 |  12123 |    371 |    283 |   9992 |  11 | 1135.8 |
               +--------+--------+--------+--------+--------+-----+--------+

Top non-repeatable levels by time:
     D:9: 1660 daAuts
    D:10: 1640 daAuts
     D:6: 1388 daAuts
     D:7: 1319 daAuts
     D:4: 1234 daAuts
     D:3: 1129 daAuts
     D:8: 1043 daAuts
     D:1: 969 daAuts
     D:2: 940 daAuts
     D:5: 791 daAuts
    D:11: 378 daAuts
